 Dungeon Crawl Stone Soup version 0.22.1-1-ga44c0e56f4 (webtiles) character file.

1597 Jukra the Slinger (level 9, -3/58 HPs)
             Began as a Halfling Hunter on Sept 23, 2018.
             Was a Priest of Kikubaaqudgha.
             Slain by an orc warrior
             ... wielding a +0 halberd
              (22 damage)
             ... on level 6 of the Dungeon.
             The game lasted 00:24:11 (3991 turns).

Jukra the Slinger (Halfling Hunter)                 Turns: 3991, Time: 00:24:11

Health: -3/58      AC:  8    Str: 13    XL:     9   Next: 15%
Magic:  13/13      EV: 17    Int: 11    God:    Kikubaaqudgha [***...]
Gold:   91         SH:  0    Dex: 21    Spells: 12/13 levels left

rFire    . . .     SeeInvis .   a - +1 hunting sling
rCold    . . .     Gourm    .   (shield restricted)
rNeg     . . .     Faith    .   m - +1 ring mail {rPois}
rPois    +         Spirit   .   (no helmet)
rElec    .         Reflect  .   (no cloak)
rCorr    .         Harm     .   (no gloves)
MR       .....                  (no boots)
Stlth    ++........             (no amulet)
HPRegen  0.19/turn              o - +5 ring of dexterity
MPRegen  0.13/turn              c - +2 ring of protection

@: no status effects
A: small, mutation resistance 1, poison resistance
a: Receive Corpses, Renounce Religion


You were on level 6 of the Dungeon.
You worshipped Kikubaaqudgha.
Kikubaaqudgha was most pleased with you.
You were not hungry.

You visited 1 branch of the dungeon, and saw 6 of its levels.

You collected 203 gold pieces.
You spent 112 gold pieces at shops.

Inventory:

Hand Weapons
 a - a +1 hunting sling (weapon)
 b - a +0 short sword
Missiles
 d - 10 sling bullets (quivered)
 e - 105 stones
 n - 45 arrows
Armour
 m - a +1 ring mail of poison resistance (worn)
Jewellery
 c - a +2 ring of protection (right hand)
 o - a +5 ring of dexterity (left hand)
 s - an uncursed ring of poison resistance
Wands
 h - a wand of enslavement (11)
Scrolls
 g - a scroll of silence {unknown}
 i - a scroll of remove curse {unknown}
 l - 2 scrolls of identify
 p - a scroll of enchant armour
 q - 3 scrolls of teleportation
 r - a scroll of amnesia
Potions
 j - a potion of lignification {unknown}
 k - a potion of curing
 v - a potion of heal wounds
 w - a potion of berserk rage
Comestibles
 f - 5 rations


   Skills:
 + Level 4.1 Fighting
 + Level 11.1 Slings
 + Level 2.2 Armour
 * Level 5.3 Dodging
 + Level 1.2 Stealth
 * Level 2.7 Spellcasting
 * Level 2.7 Necromancy
 + Level 0.1 Evocations


You had 12 spell levels left.
You knew the following spells:

 Your Spells              Type           Power        Failure   Level  Hunger
a - Animate Skeleton      Necr           N/A          19%         1    #......

Your spell library contained the following spells:

 Spells                   Type           Power        Failure   Level  Hunger
 Pain                     Necr           #...         19%         1    #......
 Sublimation of Blood     Necr           #.........   28%         2    ###....
 Flame Tongue             Conj/Fire      #....        50%         1    #......
 Throw Flame              Conj/Fire      #.....       65%         2    ###....
 Regeneration             Chrm/Necr      #.........   69%         3    ###....
 Conjure Flame            Conj/Fire      #.......     86%         3    ###....
 Inner Flame              Hex/Fire       #.......     86%         3    ###....
 Animate Dead             Necr           N/A          88%         4    #####..
 Sticky Flame             Conj/Fire      #.......     99%         4    #####..
 Dispel Undead            Necr           #.......     99%         5    ######.
 Borgnjor's Vile Clutch   Necr/Erth      #.........   100%        5    ######.
 Fireball                 Conj/Fire      #.........   100%        5    ######.
 Death Channel            Necr           #.........   100%        6    #######
 Simulacrum               Ice/Necr       #.........   100%        6    #######


Dungeon Overview and Level Annotations

Branches:
Dungeon (6/15)             Temple (0/1) D:5

Altars:
Fedhas
Hepliaklqana
Kikubaaqudgha
Makhleb
Trog
Wu Jian
Yredelemnul
The Shining One

Shops:
D:5 !   D:6 ?


Innate Abilities, Weirdness & Mutations

You are small and have problems with some larger weapons.
You are somewhat resistant to further mutation.
Your system is resistant to poisons. (rPois)


Message History

Press: ? - help, Shift-Dir - straight line, f/p - orc warrior
Aim: an orc warrior, wielding a halberd and wearing a chain mail (heavily You shoot a sling bullet.
The sling bullet barely misses the orc warrior.
The orc warrior hits you from afar with a halberd!
Firing (i - inventory. (/) - cycle)
d - 12 sling bullets (quivered)
Press: ? - help, Shift-Dir - straight line, f/p - orc warrior
Aim: an orc warrior, wielding a halberd and wearing a chain mail (heavily You shoot a sling bullet.
The sling bullet hits the orc warrior but does no damage.
The orc warrior is heavily wounded.
Firing (i - inventory. (/) - cycle)
d - 11 sling bullets (quivered)
Press: ? - help, Shift-Dir - straight line, f/p - orc warrior
Aim: an orc warrior, wielding a halberd and wearing a chain mail (heavily You shoot a sling bullet.
The sling bullet hits the orc warrior but does no damage.
The orc warrior is heavily wounded.
The orc warrior hits you from afar with a halberd!!
You die...
Kikubaaqudgha rasps: "You have failed me!
Welcome... death!"

..... ..## ........ ....
........##..#
............
............
.....##....#############
....... #...............
.......###.############.
((([.o(@...# #.##.
...()............ #....
................. #.##.
#..##....(....... #.##.
## 8.8.8......... #.##.
..⌠.⌠.##+###### #.##.
##8.∩.8# #.... #.⌠.⌠..
#####


You could see an orc warrior.

Vanquished Creatures
  A hippogriff (D:5)
  A sky beast (D:5)
  2 ice beasts
  An ogre (D:4)
  2 bullfrogs (D:6)
  4 wights (D:6)
  4 crimson imps
  5 hounds
  An orc priest (D:6)
  A jelly (D:5)
  An orc wizard (D:3)
  A bullfrog skeleton (D:5)
  2 iguanas
  3 worker ants
  A hound zombie (D:4)
  A worker ant zombie (D:4)
  4 gnolls (D:2)
  3 adders
  A shadow imp (D:5)
  3 oozes
  An adder zombie (D:4)
  2 adder skeletons
  5 worms
  5 leopard geckos
  7 orcs
  A ball python (D:2)
  6 bats
  8 giant cockroaches
  7 goblins
  7 hobgoblins
  3 jackals (D:3)
  2 quokkas
  A ball python skeleton (D:3)
  5 frilled lizards
  A giant cockroach zombie (D:4)
  4 kobolds
  A leopard gecko skeleton (D:4)
  A quokka zombie (D:4)
  6 rats
115 creatures vanquished.

Notes
Turn   | Place    | Note
-------+----------+-------------------------------------------
     0 | D:1      | Jukra the Halfling Hunter began the quest for the Orb.
     0 | D:1      | Reached XP level 1. HP: 14/14 MP: 1/1
   120 | D:1      | Reached skill level 6 in Slings
   219 | D:1      | Reached XP level 2. HP: 11/19 MP: 2/2
   615 | D:2      | Reached XP level 3. HP: 23/24 MP: 3/3
   727 | D:2      | Reached skill level 7 in Slings
   740 | D:2      | Found a faded altar of an unknown god.
   753 | D:2      | Became a worshipper of Kikubaaqudgha
   753 | D:2      | Reached * piety under Kikubaaqudgha
   753 | D:2      | Identified Kikubaaqudgha's Grimoire of Stolen Souls
                  | (Kikubaaqudgha gifted it to you on level 2 of the Dungeon)
   753 | D:2      | Received a gift from Kikubaaqudgha
   858 | D:2      | Found a glowing golden altar of the Shining One.
   861 | D:2      | Found a blossoming altar of Fedhas.
   861 | D:2      | Found a burning altar of Makhleb.
   867 | D:2      | Learned a level 1 spell: Animate Skeleton
   870 | D:2      | Learned a level 1 spell: Pain
  1061 | D:2      | Found an ornate altar of the Wu Jian Council.
  1069 | D:2      | Reached XP level 4. HP: 28/29 MP: 4/4
  1235 | D:3      | Found a bloodstained altar of Trog.
  1301 | D:3      | Reached XP level 5. HP: 34/34 MP: 5/5
  1447 | D:3      | Reached skill level 8 in Slings
  1582 | D:3      | Reached ** piety under Kikubaaqudgha
  1820 | D:3      | Noticed an ice beast
  1836 | D:3      | Killed an ice beast
  1836 | D:3      | Reached skill level 1 in Spellcasting
  1836 | D:3      | Reached skill level 1 in Necromancy
  1836 | D:3      | Reached XP level 6. HP: 41/41 MP: 7/7
  2047 | D:4      | Noticed an ogre
  2053 | D:4      | Killed an ogre
  2053 | D:4      | Reached skill level 9 in Slings
  2053 | D:4      | Reached XP level 7. HP: 45/45 MP: 8/8
  2324 | D:4      | Found a basalt altar of Yredelemnul.
  2349 | D:4      | Reached skill level 1 in Armour
  2832 | D:5      | Entered Level 5 of the Dungeon
  2981 | D:5      | Found Lomamm's Distillery.
  3034 | D:5      | Reached skill level 10 in Slings
  3034 | D:5      | Reached XP level 8. HP: 44/52 MP: 10/10
  3049 | D:5      | Bought a potion of mutation for 112 gold pieces
  3049 | D:5      | Gained mutation: Your system is resistant to poisons.
                  | (rPois) [potion of mutation]
  3102 | D:5      | Found a staircase to the Ecumenical Temple.
  3236 | D:5      | Noticed a hippogriff
  3254 | D:5      | Killed a hippogriff
  3306 | D:5      | Reached *** piety under Kikubaaqudgha
  3306 | D:5      | Identified Kikubaaqudgha's Reference Book on Darkness
                  | (Kikubaaqudgha gifted it to you on level 5 of the Dungeon)
  3306 | D:5      | Received a gift from Kikubaaqudgha
  3472 | D:5      | Found a hazy altar of Hepliaklqana.
  3911 | D:6      | Reached skill level 5 in Dodging
  3911 | D:6      | Reached XP level 9. HP: 50/58 MP: 12/12
  3926 | D:6      | Reached skill level 11 in Slings
  3961 | D:6      | Found Miwel's Magic Scroll Shoppe.
  3991 | D:6      | Slain by an orc warrior

Skill      XL: |  1  2  3  4  5  6  7  8  9 |
---------------+----------------------------+-----
Slings         | 6 7 8 9 10 11 | 11.1
Fighting       | 2 3 4 |  4.1
Dodging        | 3 5 |  5.3
Spellcasting   | 1 2 |  2.7
Necromancy     | 1 2 |  2.7
Armour         | 1 2 |  2.2
Stealth        | |  1.2
Evocations     | |  0.1

Action                   |  1- 3 |  4- 6 |  7- 9 || total
-------------------------+-------+-------+-------++-------
Melee: Hunting sling     |       |       |     1 ||     1
 Fire: Hunting sling     |    71 |   117 |   290 ||   478
Invok: Receive Corpses   |     1 |       |       ||     1
Evoke: Wand              |       |       |     2 ||     2
  Use: Potion            |       |       |     8 ||     8
       Scroll            |       |       |     5 ||     5
  Eat: Chunk             |       |     2 |     4 ||     6
       Ration            |       |     1 |       ||     1
Armor: Ring mail         |     1 |     2 |    20 ||    23
Dodge: Dodged            |     5 |    12 |    77 ||    94
